Map: Kairos Junction LE

Players

Zalltor

  • Race: Protoss Protoss
  • Spawn Location: 5:00

Rabbit - Winner!

  • Race: Terran Terran
  • League: Silver
  • Spawn Location: 11:00

VOD

Have the link to the VOD?

Description

Time

  • Played on: April 5, 2019, 3:18 a.m.
  • Length: 21:37
Show
View Real Time Build Order
Export as new Build Order

Zalltor Protoss 

Build Orders: Carriers 

Get SALT Encoding   

  1  0:00  Probe  
  13  0:07  Probe  
  14  0:21  Pylon  
  14  0:46  Pylon  
  14  0:52  Probe  
  14  0:53  Gateway  
  15  0:58  Assimilator  
  15  1:04  Probe  
  16  1:16  Probe  
  17  1:24  Gateway  
  17  1:28  Forge  
  17  1:32  Probe  
  18  1:43  Cybernetics Core  
  18  1:44  Probe  
  19  2:05  Nexus  
  19  2:06  Probe  
  20  2:14  Zealot  
  22  2:22  Zealot  
  24  2:26  Warp Gate  
  24  2:27  Probe  
  25  2:49  Stalker  
  27  2:57  Assimilator  
  27  3:01  Stalker  
  29  3:13  Probe  
  30  3:21  Probe  
  31  3:31  Probe  
  31  3:32  Stalker  
  34  3:35  Stalker  
  36  3:41  Assimilator  
  36  3:44  Assimilator  
  36  3:52  Probe  
  36  3:54  Probe  
  38  3:56  Twilight Council  
  38  4:04  Probe  
  38  4:06  Probe  
  40  4:14  Stalker  
  40  4:15  Stalker  
  44  4:18  Probe  
  45  4:28  Gateway  
  45  4:30  Probe  
  46  4:46  Protoss Ground Weapons Level 1  
  46  4:51  Pylon x2  
  46  4:56  Pylon  
  46  5:09  Probe x2  
  46  5:10  Charge  
  48  5:16  Pylon  
  48  5:17  Pylon  
  48  5:21  Probe  
  48  5:25  Zealot  
  48  5:26  Zealot  
  53  5:32  Zealot  
  53  5:33  Probe  
  56  5:45  Probe  
  57  6:07  Stalker  
  57  6:10  Zealot x2  
  63  6:13  Pylon  
  63  6:32  Gateway  
  62  6:33  Probe  
  63  6:41  Blink, Probe  
  64  6:48  Robotics Facility  
  64  6:51  Probe  
  64  6:54  Templar Archives  
  65  7:03  Probe  
  66  7:10  Pylon  
  66  7:11  Pylon  
  66  7:12  Pylon  
  66  7:13  Pylon x2  
  66  7:14  Protoss Ground Weapons Level 2  
  66  7:15  Probe, Pylon  
  66  7:22  Zealot  
  69  7:25  Stalker  
  69  7:27  Probe  
  72  7:44  Probe  
  73  7:52  Immortal  
  73  7:56  Probe  
  78  7:58  High Templar  
  78  7:59  High Templar  
  78  8:00  High Templar x2  
  78  8:05  Archon x2  
  86  8:23  Pylon x2  
  86  8:31  Immortal  
  86  8:32  High Templar  
  86  8:33  High Templar x2  
  96  8:34  High Templar  
  96  8:37  Archon  
  98  8:45  Robotics Bay  
  98  8:47  Probe  
  99  8:51  Probe  
  100  8:59  Probe  
  101  9:03  Probe  
  102  9:11  Probe  
  103  9:17  Robotics Facility  
  103  9:18  Robotics Facility  
  103  9:22  High Templar  
  103  9:23  High Templar  
  107  9:36  Extended Thermal Lance  
  107  10:05  Colossus  
  107  10:08  Pylon  
  107  10:09  Pylon  
  113  10:22  Pylon  
  113  10:37  Pylon  
  113  10:51  Colossus  
  113  11:02  High Templar x3  
  125  11:10  High Templar  
  125  11:11  Archon x2  
  127  11:14  Archon  
  127  11:45  Stalker  
  127  11:46  Stalker x3  
  135  11:58  Archon  
  135  11:59  Pylon  
  103  12:22  Stalker x2  
  103  12:23  Stalker x2  
  105  13:00  Stargate  
  105  13:01  Stargate  
  105  13:05  Stargate  
  105  13:08  Stargate  
  105  13:46  Void Ray x2, Nexus  
  105  13:47  Void Ray x2  
  105  13:55  Nexus  
  105  13:57  Fleet Beacon  
  121  14:04  Assimilator  
  121  14:07  Assimilator  
  121  14:36  Protoss Air Weapons Level 1  
  121  14:37  Protoss Ground Weapons Level 3  
  121  14:47  Carrier  
  127  15:16  Assimilator  
  127  15:20  Assimilator  
  127  15:29  Carrier  
  127  15:30  Carrier  
  139  15:36  Carrier  
  145  15:47  Probe  
  146  15:55  Carrier  
  146  15:59  Probe  
  153  16:16  Mothership  
  153  16:24  Void Ray x2  
  153  16:29  Protoss Air Weapons Level 2  
  161  16:36  Carrier  
  175  16:58  Carrier  
  181  17:17  Carrier  
  187  17:30  Cybernetics Core  
  187  17:37  Probe  
  188  17:46  Carrier x2  
  200  18:21  Protoss Air Armor Level 1  
Show
View Real Time Build Order
Export as new Build Order

Rabbit Terran - Winner!

Build Orders:  

Get SALT Encoding   

  12  0:19  SCV, Supply Depot  
  13  0:31  SCV  
  14  0:42  Barracks  
  14  0:44  SCV  
  15  0:56  SCV  
  16  1:06  Supply Depot  
  16  1:08  SCV  
  17  1:12  Engineering Bay  
  17  1:21  SCV  
  18  1:33  Refinery  
  18  1:38  Bunker  
  18  1:39  Marine  
  18  1:45  SCV  
  20  1:49  Supply Depot  
  20  1:57  Marine  
  21  2:13  Missile Turret  
  21  2:15  Marine  
  21  2:19  Missile Turret  
  21  2:21  SCV  
  23  2:33  Refinery  
  23  2:34  SCV  
  24  2:39  Bunker  
  24  2:41  Marine  
  25  2:46  SCV  
  25  2:50  Factory  
  26  2:59  Marine  
  26  3:02  SCV  
  28  3:14  SCV  
  28  3:17  Marine  
  30  3:25  Missile Turret  
  30  3:26  SCV  
  31  3:38  SCV, Factory Tech Lab  
  32  3:42  Armory  
  32  3:45  Marine  
  33  4:04  Command Center  
  33  4:08  Marine  
  34  4:14  Siege Tank  
  37  4:25  Supply Depot  
  37  4:35  Starport  
  37  4:55  SCV, Missile Turret  
  38  5:04  Hi-Sec Auto Tracking  
  38  5:07  SCV  
  39  5:16  Starport Tech Lab  
  39  5:17  Missile Turret  
  39  5:19  SCV  
  40  5:23  Fusion Core  
  40  5:25  SCV  
  41  5:31  SCV  
  41  5:32  Missile Turret  
  42  5:37  SCV  
  43  5:43  SCV  
  43  5:49  SCV  
  45  5:55  SCV, Missile Turret  
  46  5:58  Missile Turret  
  46  6:01  SCV  
  47  6:08  SCV  
  48  6:11  Supply Depot  
  48  6:13  SCV  
  49  6:18  Missile Turret  
  49  6:20  SCV  
  49  6:25  SCV  
  51  6:28  Missile Turret  
  51  6:32  SCV  
  52  6:35  Battlecruiser  
  58  6:40  Refinery  
  58  6:43  SCV  
  58  6:44  Refinery  
  59  6:53  Terran Vehicle And Ship Armor Level 1, Supply Depot  
  59  6:54  Weapon Refit  
  59  6:55  SCV  
  60  7:07  Missile Turret  
  60  7:15  Neosteel Armor  
  60  7:18  Orbital Command  
  63  7:22  Siege Tank  
  63  7:26  SCV  
  64  7:32  Missile Turret  
  64  7:38  SCV  
  64  7:42  Missile Turret  
  65  7:50  Battlecruiser  
  71  8:06  Planetary Fortress  
  71  8:25  Sensor Tower  
  71  8:47  Terran Ship Weapons Level 1  
  71  9:19  Sensor Tower  
  71  9:25  Command Center  
  71  9:31  Battlecruiser  
  77  9:46  Missile Turret  
  77  10:07  Missile Turret  
  77  10:29  Missile Turret  
  77  10:38  Battlecruiser  
  77  10:39  Refinery  
  77  10:40  Planetary Fortress, Starport  
  83  10:50  Missile Turret  
  83  11:00  Terran Vehicle And Ship Armor Level 2  
  83  11:03  Refinery  
  83  11:13  Missile Turret  
  83  11:16  SCV  
  84  11:19  Starport Tech Lab  
  84  11:20  Starport  
  84  11:29  SCV  
  85  11:38  Battlecruiser  
  91  11:41  SCV  
  91  11:46  Supply Depot  
  92  11:53  SCV  
  93  12:05  SCV  
  90  12:09  Supply Depot  
  86  12:17  SCV  
  87  12:29  SCV, Battlecruiser  
  94  12:30  Medivac  
  94  12:33  Supply Depot  
  96  12:55  Supply Depot  
  96  12:59  Battlecruiser  
  96  13:00  Armory  
  96  13:02  SCV  
  103  13:07  Starport Tech Lab  
  103  13:14  SCV  
  103  13:19  Supply Depot  
  104  13:26  SCV  
  111  13:27  Battlecruiser  
  111  13:56  Battlecruiser  
  111  14:00  Missile Turret  
  111  14:01  Missile Turret x2  
  117  14:03  Missile Turret  
  117  14:13  Missile Turret  
  117  14:18  Battlecruiser  
  117  14:21  Terran Vehicle And Ship Armor Level 3  
  117  14:22  Terran Ship Weapons Level 2, Missile Turret x2  
  117  14:23  Missile Turret  
  129  14:31  Battlecruiser  
  129  14:32  Missile Turret  
  129  14:33  Starport  
  129  14:52  Missile Turret  
  129  15:04  Command Center  
  129  15:11  Starport Tech Lab  
  129  15:12  Battlecruiser, Missile Turret  
  135  15:22  Battlecruiser  
  141  15:32  Missile Turret  
  147  15:35  Battlecruiser  
  147  15:39  Battlecruiser  
  153  15:59  Supply Depot  
  153  16:16  Battlecruiser  
  159  16:21  Supply Depot  
  159  16:26  Battlecruiser, Supply Depot  
  171  17:01  Battlecruiser  
  171  17:02  Battlecruiser  
  177  17:31  Battlecruiser  
  177  17:32  Refinery x2  
  177  17:37  Missile Turret  
  183  17:39  Terran Ship Weapons Level 3  
  183  17:52  Planetary Fortress  
  183  17:55  Missile Turret  
  183  17:57  Missile Turret x2  
  183  18:09  Terran Vehicle Weapons Level 1  
  183  18:18  Missile Turret  
  183  18:19  Missile Turret x2  
  183  18:29  Battlecruiser  
  189  18:39  Battlecruiser  
  189  18:40  Missile Turret  
  189  18:41  Missile Turret x2  
  170  19:37  Battlecruiser x2  
  164  19:48  Banshee  
  164  19:49  Banshee  
  170  19:59  Command Center  
  170  20:31  Battlecruiser  
Tags
 
Composition
Carriers
League
Silver
Matchup
PvT
Spawn Locations
Cross Positions
Add a new tag
Caveats
  • Supply blocks, unpowered buildings, or Contaminate may cause inaccurate times.
  • Supply counts are checked every 10 seconds.